 Dungeon Crawl Stone Soup version 0.26.1-11-gd32895ea62 (webtiles) character file.

Game seed: 1110166159976077304

19445 vvl the Black Sun (level 12, -1/92 HPs)
             Began as a Demonspawn Monk on June 4, 2021.
             Was a High Priest of Kikubaaqudgha.
             Slain by a skeletal warrior
             ... wielding a +0 halberd
             ... led by a skeletal warrior
              (35 damage)
             ... on level 13 of the Dungeon.
             The game lasted 00:51:15 (17326 turns).

vvl the Black Sun (Demonspawn Monk)                Turns: 17326, Time: 00:51:21

Health: -1/92      AC: 21    Str: 18    XL:     12   Next: 36%
Magic:  17/17      EV: 17    Int: 12    God:    Kikubaaqudgha [*****.]
Gold:   535        SH:  8    Dex: 16    Spells: 18/18 levels left

rFire    . . .     SeeInvis .   x - +11 morningstar of Bodily Humours {vorpal, +Rage Will+ Str+2}
rCold    + . .     Faith    .   O - +2 buckler
rNeg     . . .     Spirit   .   C - +2 robe {Archmagi}
rPois    .         Reflect  .   t - +0 helmet
rElec    .         Harm     .   F - +1 cloak
rCorr    +         Rampage  .   H - +0 pair of gloves
Will     ++...                  (no boots)
Stlth    ++........             (no amulet)
HPRegen  0.25/turn              z - ring of resist corrosion
MPRegen  0.15/turn              K - ring of willpower

@: sanguine armour
A: talons 1, cold resistance 1, demonic guardian 1, freezing cloud immunity,
sanguine armour 3
a: Renounce Religion, Evoke Berserk Rage, Receive Corpses, Torment


You were on level 13 of the Dungeon.
You worshipped Kikubaaqudgha.
Kikubaaqudgha was extremely pleased with you.
You visited 2 branches of the dungeon, and saw 14 of its levels.

You collected 775 gold pieces.
You spent 240 gold pieces at shops.

Inventory:

Hand Weapons
 x - the +11 morningstar of Bodily Humours (weapon) {vorpal, +Rage Will+ Str+2}
   (You took it off a centaur on level 8 of the Dungeon)

   It inflicts extra damage upon your enemies.
   It affects your strength (+2).
   It affects your willpower, your defense against some magical effects.
   It lets you go berserk.
 y - a +0 long sword
 N - the +9 flail "Lizydy" {venom, rPois rF- rC+}
   (You found it on level 9 of the Dungeon)

   It poisons the flesh of those it strikes.
   It makes you vulnerable to fire.
   It protects you from cold.
   It protects you from poison.
Missiles
 B - 7 boomerangs (quivered)
Armour
 s - a +0 ring mail
 t - a +0 helmet (worn)
 u - a +2 tower shield of positive energy
 C - a +2 robe of the Archmagi (worn)
 F - a +1 cloak (worn)
 H - a +0 pair of gloves (worn)
 O - a +2 buckler (worn)
Jewellery
 o - a cursed ring of teleportation {unknown}
 z - a ring of resist corrosion (left hand)
 E - an uncursed ring of flight
 K - a ring of willpower (right hand)
 R - a +4 ring of evasion {unknown}
Wands
 a - a wand of enslavement (10)
 p - a wand of random effects (8)
 J - a wand of flame (12)
 P - a wand of paralysis (4)
Scrolls
 b - 3 scrolls of teleportation
 c - 2 scrolls of fear
 g - 2 scrolls of identify
 j - 10 scrolls of remove curse
 m - 3 scrolls of blinking
 n - 2 scrolls of enchant armour
 q - 3 scrolls of fog
 A - a scroll of acquirement {unknown}
 D - a scroll of amnesia
 G - a scroll of brand weapon {unknown}
 Q - a scroll of holy word {unknown}
Potions
 d - a potion of lignification
 e - 4 potions of curing
 f - 4 potions of heal wounds
 h - 3 potions of attraction
 k - 3 potions of brilliance
 l - a potion of haste
 r - a potion of magic
 v - a potion of mutation
 I - a potion of degeneration {unknown}
 L - a potion of might {unknown}
 M - a potion of cancellation {unknown}
Miscellaneous
 i - a box of beasts


   Skills:
 + Level 8.0 Fighting
 - Level 6.6 Long Blades
 * Level 7.7 Maces & Flails
 - Level 6.0 Armour
 + Level 7.3 Dodging
 - Level 1.7 Stealth
 + Level 6.2 Shields
 + Level 3.9 Spellcasting
 + Level 8.2 Necromancy
 + Level 6.0 Evocations


You had 18 spell levels left.
You didn't know any spells.
Your spell library contained the following spells:

 Spells                   Type           Power        Failure   Level
 Animate Skeleton         Necr           66%          1%          1
 Pain                     Necr           100%         1%          1
 Sublimation of Blood     Necr           16%          1%          2
 Vampiric Draining        Necr           16%          2%          3
 Corpse Rot               Necr/Air       N/A          6%          2
 Animate Dead             Necr           16%          8%          4
 Dispel Undead            Necr           33%          8%          4
 Agony                    Necr           33%          21%         5
 Excruciating Wounds      Necr           16%          21%         5
 Apportation              Tloc           6%           22%         1
 Beastly Appendage        Tmut           6%           22%         1
 Shock                    Conj/Air       12%          22%         1
 Sting                    Tmut/Pois      12%          22%         1
 Poisonous Vapours        Pois/Air       6%           34%         2
 Swiftness                Air            3%           34%         2
 Wereblood                Tmut           3%           34%         2
 Frozen Ramparts          Ice            6%           56%         3
 Ignite Poison            Fire/Tmut/Pois 3%           56%         3
 Lesser Beckoning         Tloc           1%           56%         3
 Mephitic Cloud           Conj/Pois/Air  3%           56%         3
 Spider Form              Tmut/Pois      1%           56%         3
 Static Discharge         Conj/Air       3%           56%         3
 Tukima's Dance           Hex            3%           56%         3
 Death Channel            Necr           16%          75%         6
 Airstrike                Air            1%           92%         4
 Ice Form                 Ice/Tmut       3%           92%         4
 Leda's Liquefaction      Hex/Erth       1%           92%         4
 Olgreb's Toxic Radiance  Pois           3%           92%         4
 Alistair's Intoxication  Tmut/Pois      2%           99%         5
 Blade Hands              Tmut           1%           99%         5
 Bolt of Magma            Conj/Fire/Erth 1%           99%         5
 Lightning Bolt           Conj/Air       1%           99%         5
 Simulacrum               Ice/Necr       9%           99%         6
 Invisibility             Hex            3%           100%        6
 Iron Shot                Conj/Erth      1%           100%        6
 Statue Form              Tmut/Erth      2%           100%        6
 Shatter                  Erth           1%           100%        9


Dungeon Overview and Level Annotations

Branches:
Dungeon (14/15)            Temple (1/1) D:4            Lair (0/6) D:9
    Orc (0/2) D:10
 Vaults: D:13-14

Altars:
Ashenzari
Cheibriados
Dithmenos
Elyvilon
Fedhas
Gozag
Hepliaklqana
Kikubaaqudgha
Makhleb
Nemelex Xobeh
Okawaru
Qazlal
Ru
Sif Muna
Trog
Uskayaw
Vehumet
Wu Jian
Xom
Yredelemnul
Zin
The Shining One

Shops:
D:5 !   D:9 (

Annotations:
D:9 2 transporters, ew1980's ghost, novice DrTm


Innate Abilities, Weirdness & Mutations

You have sharp toenails.
Your flesh is cold resistant. (rC+)
A weak demonic guardian rushes to your aid.
You are immune to freezing clouds.
When seriously injured, your bleeding wounds create very thick armour. (AC +12)


Message History

You hit the skeletal warrior. Your kick misses the skeletal warrior.
The skeletal warrior is almost destroyed.
Your quasit barely misses the skeletal warrior.
Your quasit claws the skeletal warrior.
Your quasit claws the skeletal warrior but does no damage.
You block the skeletal warrior's attack.
The skeletal warrior hits your quasit with a +0 war axe!!
Your quasit dies!
You block the skeletal warrior's attack.
The skeletal warrior is no longer covered in acid.
The skeletal warrior is no longer covered in acid.
The skeletal warrior hits your iron imp with a +0 broad axe!!
Your iron imp dies!
You hit the skeletal warrior but do no damage.
Your kick misses the skeletal warrior.
The skeletal warrior is almost destroyed.
The skeletal warrior barely misses you.
The skeletal warrior hits you from afar with a +0 halberd!!
You die...
Kikubaaqudgha rasps: "You have failed me!
Welcome... death!"

...... . ...... .. .....
#.. #...
#...##############.#
...................########
............)..............
.......>.z@..............∩.
:......zz##########........
..........z........!.......
..........zz...............
###.^....$...........######
#.##############...# #.
#...# # #...# ......


You could see 3 skeletal warriors.

Vanquished Creatures
  A hydra (D:11)
  4 two-headed ogres
  Sonja (D:10)
  A fire crab (D:10)
  A skeletal warrior (D:13)
  An unseen horror (D:10)
  An ugly thing (D:11)
  A manticore (D:11)
  2 cyclopes
  A gargoyle (D:8)
  3 centaur skeletons (D:11)
  2 kobold demonologists (D:10)
  2 hellwings (D:11)
  5 trolls
  A harpy skeleton (D:11)
  A meliai zombie (D:11)
  6 yaks
  3 wyverns
  A soldier ant (D:10)
  4 water moccasins
  5 orc warriors
  An ice beast (D:5)
  A phantom (D:11)
  5 sky beasts
  2 black bears
  13 ogres
  4 centaurs
  3 big kobolds (D:10)
  4 gnoll sergeants (D:10)
  16 bullfrogs
  A wyvern skeleton (D:11)
  3 wyvern zombies
  5 scorpions
  3 killer bees (D:10)
  4 wights (D:10)
  3 howler monkeys (D:8)
  2 jellies
  A bullfrog zombie (D:5)
  3 orc priests
  5 hounds
  A quasit (D:5)
  2 bullfrog skeletons
  7 orc wizards
  3 iguanas
  10 worker ants
  10 gnolls
  2 worker ant zombies
  13 adders
  8 shadow imps
  3 white imps
  3 ufetubi
  2 adder zombies
  2 adder skeletons
  2 worms (D:3)
  A dart slug (D:1)
  6 leopard geckos
  49 orcs
  3 giant cockroaches
  6 goblins
  11 hobgoblins
  5 jackals
  5 quokkas
  A ball python (D:5)
  11 bats
  5 frilled lizards
  9 kobolds
  2 quokka skeletons
  7 rats
315 creatures vanquished.

Vanquished Creatures (collateral kills)
  A two-headed ogre (D:8)
  Sigmund (D:2)
  An ice beast (D:5)
  A necrophage (D:11)
  A centaur (D:11)
  A gnoll sergeant (D:7)
  A wyvern skeleton (D:11)
  A howler monkey (D:8)
  2 hounds (D:4)
  Terence (D:2)
  2 orc wizards
  2 gnolls (D:3)
  An adder (D:4)
  A shadow imp (D:8)
  An orc (D:3)
  2 giant cockroaches
  A jackal (D:8)
21 creatures vanquished.

Vanquished Creatures (others)
  46 fungi (D:9)
  53 plants (D:9)
  7 withered plants (D:11)
106 creatures vanquished.

Grand Total: 442 creatures vanquished

Notes
Turn   | Place    | Note
-------+----------+-------------------------------------------
     0 | D:1      | vvl the Demonspawn Monk began the quest for the Orb.
     0 | D:1      | Reached XP level 1. HP: 18/18 MP: 1/1
   208 | D:1      | Gained mutation: A weak demonic guardian rushes to your
                  | aid. [demonic ancestry]
   208 | D:1      | Reached XP level 2. HP: 24/24 MP: 2/2
   456 | D:1      | Reached skill level 1 in Necromancy
   894 | D:2      | Gained mutation: When seriously injured, your bleeding
                  | wounds create armour. (AC +12) [demonic ancestry]
   894 | D:2      | Reached XP level 3. HP: 16/29 MP: 3/3
  1433 | D:2      | Noticed Terence
  1454 | D:2      | Reached skill level 1 in Armour
  1454 | D:2      | Reached XP level 4. HP: 30/35 MP: 4/4
  1454 | D:2      | Killed Terence
  1748 | D:2      | Noticed Sigmund
  2300 | D:2      | Killed Sigmund
  2301 | D:2      | Gained mutation: You have sharp toenails. [demonic
                  | ancestry]
  2301 | D:2      | Reached XP level 5. HP: 33/42 MP: 5/5
  2418 | D:2      | Gained mutation: Your flesh is cold resistant. (rC+)
                  | [demonic ancestry]
  2418 | D:2      | Reached XP level 6. HP: 46/48 MP: 6/6
  3417 | D:4      | Found a staircase to the Ecumenical Temple.
  3451 | Temple   | Entered the Ecumenical Temple
  3802 | Temple   | Became a worshipper of Kikubaaqudgha
  3802 | Temple   | Reached * piety under Kikubaaqudgha
  3802 | Temple   | Identified Kikubaaqudgha's Reference Book on Darkness
                  | (Kikubaaqudgha gifted it to you in the Ecumenical Temple)
  3802 | Temple   | Received a gift from Kikubaaqudgha
  3802 | Temple   | Reached ** piety under Kikubaaqudgha
  4815 | D:5      | Entered Level 5 of the Dungeon
  4887 | D:5      | Reached XP level 7. HP: 49/54 MP: 8/8
  5142 | D:5      | Reached skill level 1 in Spellcasting
  5267 | D:5      | Reached skill level 5 in Long Blades
  5267 | D:5      | Reached skill level 1 in Shields
  5458 | D:5      | Found Moet's Distillery.
  5553 | D:5      | Bought a potion of curing for 36 gold pieces
  5553 | D:5      | Bought a potion of brilliance for 48 gold pieces
  5553 | D:5      | Bought a potion of heal wounds for 60 gold pieces
  5553 | D:5      | Bought a potion of mutation for 96 gold pieces
  6277 | D:6      | Gained mutation: You are immune to freezing clouds.
                  | [demonic ancestry]
  6277 | D:6      | Reached XP level 8. HP: 53/61 MP: 10/10
  6906 | D:6      | Reached *** piety under Kikubaaqudgha
  6906 | D:6      | Identified Kikubaaqudgha's Compendium of Necromancy
                  | (Kikubaaqudgha gifted it to you on level 6 of the Dungeon)
  6906 | D:6      | Received a gift from Kikubaaqudgha
  7740 | D:6      | Found a sacrificial altar of Ru.
  9415 | D:8      | Reached skill level 5 in Fighting
  9526 | D:8      | Identified the +11 morningstar of Bodily Humours {vorpal,
                  | +Rage Will+ Str+2}
  9541 | D:8      | Noticed a two-headed ogre
  9821 | D:8      | Killed a two-headed ogre
  9822 | D:8      | Reached skill level 1 in Evocations
  9822 | D:8      | Reached XP level 9. HP: 18/68 MP: 12/12
 10121 | D:8      | Reached skill level 5 in Dodging
 10224 | D:8      | Noticed a gargoyle
 10227 | D:8      | Killed a gargoyle
 10228 | D:8      | Reached skill level 1 in Maces & Flails
 10228 | D:8      | Reached skill level 5 in Necromancy
 10835 | D:9      | Found Dohuick's Antique Weapon Shoppe.
 11086 | D:9      | Reached **** piety under Kikubaaqudgha
 11111 | D:9      | Gained mutation: When seriously injured, your bleeding
                  | wounds create thick armour. (AC +12) [demonic ancestry]
 11111 | D:9      | Reached XP level 10. HP: 33/76 MP: 13/13
 11338 | D:9      | Found a staircase to the Lair.
 11649 | D:9      | Found a transporter.
 11649 | D:9      | Noticed ew1980's ghost (novice DrTm)
 11651 | D:9      | Identified the cursed +2 dire flail of Poverty {vorpal,
                  | Dex+2}
 11651 | D:9      | Identified the +8 dire flail of Luovvamih {drain, rF- rN+++
                  | Dex+4}
 11651 | D:9      | Noticed a two-headed ogre
 11652 | D:9      | Noticed a two-headed ogre
 11658 | D:9      | Found a transporter.
 11958 | D:9      | Got a crude flail
 12454 | D:9      | Identified the +9 flail "Lizydy" {venom, rPois rF- rC+}
                  | (You found it on level 9 of the Dungeon)
 12515 | D:10     | Entered Level 10 of the Dungeon
 12561 | D:10     | Noticed a fire crab
 12575 | D:10     | Killed a fire crab
 12576 | D:10     | Reached skill level 5 in Armour
 12825 | D:10     | Noticed Sonja
 12849 | D:10     | Killed Sonja
 13674 | D:10     | Reached skill level 5 in Maces & Flails
 13686 | D:10     | Found a staircase to the Orcish Mines.
 13689 | D:10     | Reached ***** piety under Kikubaaqudgha
 13690 | D:10     | Gained mutation: When seriously injured, your bleeding
                  | wounds create very thick armour. (AC +12) [demonic
                  | ancestry]
 13690 | D:10     | Reached XP level 11. HP: 39/83 MP: 14/14
 14146 | D:10     | Killed an unseen horror
 14147 | D:10     | Reached skill level 5 in Shields
 14430 | D:10     | Noticed a two-headed ogre
 14441 | D:10     | Killed a two-headed ogre
 14787 | D:10     | Identified Sif Muna's Handbook of Aerial Cold
 15047 | D:11     | Found a shadowy altar of Dithmenos.
 15055 | D:11     | Reached skill level 5 in Evocations
 15313 | D:11     | Noticed a purple ugly thing
 15320 | D:11     | Killed a purple ugly thing
 15695 | D:11     | Noticed a two-headed ogre
 15704 | D:11     | Killed a two-headed ogre
 16245 | D:11     | Noticed an eight-headed hydra
 16261 | D:11     | Killed an eight-headed hydra
 16272 | D:11     | Reached XP level 12. HP: 38/91 MP: 15/17
 16344 | D:11     | Noticed a two-headed ogre
 16347 | D:11     | Killed a two-headed ogre
 16984 | D:11     | You fall into a shaft and drop 3 floors!
 16990 | D:14     | Noticed a two-headed ogre
 17000 | D:14     | Killed a two-headed ogre
 17326 | D:13     | Slain by a skeletal warrior

Illustrated notes

Levels and vault maps discovered:
D:1:      minmay_arrival_glassed_features, layout_basic,
          chequers_serial_rivers_small_3
D:2:      layout_loops_ring, minmay_misc_feat_ornament, uniq_terence,
          uniq_sigmund
D:3:      layout_basic, serial_bayou_pond_d
D:4:      layout_basic, minmay_temple_entry_crystal_x
D:5:      layout_loops_ring, serial_shops, nicolae_shop_stone
D:6:      layout_loops_corners, marbit_many_paths, minmay_between
D:7:      layout_basic
D:8:      layout_basic, minmay_diamond_spiral
D:9:      layout_stronghold, due_lair_maze_entry_diamond, gammafunk_ghost_smash,
          serial_shops, nicolae_shop_crystal
D:10:     kennysheep_windowed_halls, layout_irregular_city,
          kennysheep_orc_monster_closet_entryway, enter_bailey_6,
          minmay_microvault, uniq_sonja
D:11:     cheibrodos_grave_circle, layout_basic, grunt_dithmenos_smoke
D:13:     layout_long_grid, abandoned_shop
D:14:     kennysheep_six_static_rooms, layout_gridville, david_vaults_4,
          lemuel_doored_altar, yredelemnul_altar_generic
Temple:   compressed_dpeg_triangle_lava_temple

Skill      XL: |  1  2  3  4  5  6  7  8  9 10 11 12 |
---------------+-------------------------------------+-----
Long Blades    | 3 4 5 6 |  6.6
Necromancy     | 1 2 3 4 5 6 7 8 |  8.2
Dodging        | 3 4 5 6 7 |  7.3
Armour         | 1 2 3 4 5 6 |  6.0
Fighting       | 4 5 6 7 8 |  8.0
Spellcasting   | 1 2 3 |  3.9
Shields        | 1 3 4 5 6 |  6.2
Evocations     | 1 2 4 5 6 |  6.0
Maces & Flails | 3 5 7 |  7.7
Stealth        | |  1.7

Action                   |  1- 3 |  4- 6 |  7- 9 | 10-12 || total
-------------------------+-------+-------+-------+-------++-------
Melee: Falchion          |    91 |   181 |   124 |       ||   396
       Kick              |       |    43 |   106 |   143 ||   292
       Long sword        |       |       |   191 |       ||   191
       Morningstar       |       |       |    54 |   405 ||   459
Evoke: Wand              |       |       |     1 |    12 ||    13
  Use: Scroll            |       |       |    13 |     2 ||    15
       Potion            |       |       |     3 |     2 ||     5
 Stab: Sleeping          |     6 |       |     6 |     1 ||    13
       Distracted        |       |       |     2 |     6 ||     8
       Paralysed         |       |       |       |     7 ||     7
Armor: Robe              |    15 |       |       |    50 ||    65
       Scale mail        |       |    74 |       |       ||    74
       Ring mail         |       |     3 |   110 |    99 ||   212
       Skin              |       |       |     7 |       ||     7
Dodge: Dodged            |    77 |    98 |   185 |   292 ||   652
Block: Buckler           |       |     7 |    79 |   161 ||   247
       Rpst.: Falchion   |    22 |    25 |    19 |       ||    66
       Long sword        |       |       |    27 |       ||    27
